 Dungeon Crawl Stone Soup version 0.17-a0-1760-ga6756ae (webtiles) character file.

248 matakusis the Ducker (level 5, -6/39 HPs)
             Began as a Demonspawn Gladiator on Sept 3, 2015.
             Killed from afar by an oklob plant (16 damage)
             ... with a splash of acid
             ... on level 3 of the Dungeon.
             The game lasted 00:10:08 (2486 turns).

matakusis the Ducker (Demonspawn Gladiator)         Turns: 2486, Time: 00:10:08

Health: -6/39      AC:  0    Str: 15    XL:     5   Next: 86%
Magic:  5/5        EV: 14    Int: 14    God:
Gold:   114        SH:  0    Dex: 14    Spells: 0 memorised, 4 levels left

rFire  + . .     SeeInvis .     g - +2 hand axe (vamp)
rCold  . . .     Clarity  .     b - +0 leather armour
rNeg   . . .     SustAt   .     (no shield)
rPois  +         Gourm    .     c - +0 helmet
rElec  .         Spirit   .     (no cloak)
rCorr  .         Warding  .     (no gloves)
rMut   .         Stasis   .     (no boots)
MR     .....                    (no amulet)
Stlth  +.........               p - ring of poison resistance
                                r - +4 ring of intelligence

@: corroded equipment, not resistant to hostile enchantments, very unstealthy
A: hooves 1, fire resistance 1
a: no special abilities


You were on level 3 of the Dungeon.
You were hungry.

You visited 1 branch of the dungeon, and saw 3 of its levels.

You collected 114 gold pieces.

Inventory:

Hand weapons
 a - a +0 war axe
 g - a +2 vampiric hand axe (weapon)
Missiles
 d - 3 throwing nets (quivered)
Armour
 b - a +0 leather armour (worn)
 c - a +0 helmet (worn)
Jewellery
 o - a +3 ring of intelligence
 p - a ring of poison resistance (right hand)
 r - a +4 ring of intelligence (left hand)
Magical devices
 n - a wand of enslavement (8)
Scrolls
 e - 2 scrolls of teleportation
 f - a scroll of amnesia
 h - 2 scrolls of remove curse {unknown}
 l - a scroll of identify
 q - a scroll of enchant weapon {unknown}
Potions
 s - a potion of curing {unknown}
 t - a potion of heal wounds {unknown}
Miscellaneous
 i - a plain deck of summoning {drawn: 2}
Comestibles
 j - a slice of pizza
 k - a royal jelly
 m - 2 meat rations
 u - 4 fruits


   Skills:
 + Level 2.3 Fighting
 + Level 3.1 Axes
 - Level 1.7 Throwing
 + Level 2.2 Armour
 * Level 5.0 Dodging


You had 4 spell levels left.
You didn't know any spells.

Dungeon Overview and Level Annotations

Branches:
Dungeon (3/15)

Altars:
Fedhas
Nemelex Xobeh
Ru

Annotations:
D:3 exclusion: oklob plant


Innate Abilities, Weirdness & Mutations

You have large cloven feet.
Your flesh is heat resistant.


Message History

Found a fruit.
You draw a card...
It is the Dance.
The oklob plant spits acid at you. The splash of acid misses you.
What do you say? t - Shout!
Orders for allies: a - Attack new target. r - Retreat! s - Stop attacking. w - Wait here. f - Follow me.
Anything else - Stay silent.
Gang up on whom?
Press: ? - help, Dir - move target cursor, f - oklob plant
Aim: an oklob plant Attack!
The oklob plant spits acid at you. The splash of acid hits you!
The acid corrodes you!
The acid burns!
* * * LOW HITPOINT WARNING * * *
The oklob plant spits acid at you. The splash of acid hits you!
You die... ######.## #.##.## #.# #####.#.#.## #.# #......###.#### #.# #.#...## ##.... ###################### #PP.#P.PPPP...PPP.♣P# #PPP(♣P.P...PPPPP.PP# #.P%.#.#.###.♣PP...P# #P%.#@PPPP#P.PPPPPP.#

#PP.PPPP........P#.P#
##♣%PPP..≈≈≈≈≈..PPP♣
#PPPPP..≈≈≈≈≈≈≈..♣P♣#
####PPPP..≈≈≈≈≈≈≈≈≈..♣P#
#..#.PPP.≈≈≈≈≈≈≈≈≈≈≈.P♣#
#.##♣♣P#.≈≈≈≈...≈≈≈≈.####
#.##PP♣P......_.≈≈≈≈.....
#.##PPPP.≈≈≈≈...≈≈≈≈.####


You could see an oklob plant and a friendly quarterstaff "Haon" {crush, Dex+3}.

Vanquished Creatures
  A crimson imp (D:3)
  Ijyb (D:3)
  Jessica (D:3)
  A gnoll (D:1)
  A worm (D:2)
  2 giant geckos
  An orc (D:3)
  2 giant cockroaches (D:3)
  6 goblins
  7 hobgoblins
  2 jackals (D:3)
  3 bats
  4 giant newts
  5 kobolds
  8 rats
  4 fungi (D:3)
  2 plants (D:3)
51 creatures vanquished.

Vanquished Creatures (collateral kills)
  Grinder (D:3)
1 creature vanquished.

Vanquished Creatures (others)
  3 fungi (D:3)
  A plant (D:3)
4 creatures vanquished.

Grand Total: 56 creatures vanquished

Notes
Turn   | Place    | Note
--------------------------------------------------------------
     0 | D:1      | matakusis the Demonspawn Gladiator began the quest for the Orb.
     0 | D:1      | Reached XP level 1. HP: 16/16 MP: 1/1
    58 | D:1      | Found a sparkling altar of Nemelex Xobeh.
   113 | D:1      | Reached skill level 3 in Dodging
   156 | D:1      | Gained mutation: Your flesh is heat resistant. [demonic ancestry]
   156 | D:1      | Reached XP level 2. HP: 19/22 MP: 2/2
   488 | D:2      | Reached XP level 3. HP: 27/27 MP: 3/3
  1260 | D:3      | Found a sacrificial altar of Ru.
  1667 | D:3      | Reached skill level 1 in Armour
  1667 | D:3      | Reached skill level 4 in Dodging
  1667 | D:3      | Reached XP level 4. HP: 26/33 MP: 4/4
  1673 | D:3      | Noticed Grinder
  1675 | D:3      | Paralysed by Grinder for 2 turns
  1684 | D:3      | Killed Grinder
  1684 | D:3      | Gained mutation: You have large cloven feet. [demonic ancestry]
  1684 | D:3      | Reached XP level 5. HP: 17/38 MP: 5/5
  1855 | D:3      | Noticed Jessica
  1864 | D:3      | Killed Jessica
  1943 | D:3      | Noticed Ijyb
  1965 | D:3      | Killed Ijyb
  1965 | D:3      | Reached skill level 5 in Dodging
  2217 | D:3      | Found a blossoming altar of Fedhas.
  2233 | D:3      | Noticed an oklob plant
  2486 | D:3      | Killed from afar by an oklob plant

Vault maps used:
D:1:      scummos_arrival_star, nemelex_deck
D:3:      old_standard_altar, tgw_fedhas, uniq_grinder, uniq_iyjb, uniq_jessica

Action                   |  1- 3 |  4- 6 || total
-------------------------+-------+-------++-------
Melee: Hand axe          |   112 |   214 ||   326
       War axe           |     1 |       ||     1
Evoke: Deck              |       |     2 ||     2
  Use: Scroll            |     3 |       ||     3
 Stab: Sleeping          |     1 |       ||     1
  Eat: Bread ration      |     1 |       ||     1
       Chunk             |     2 |     3 ||     5
